 Dungeon Crawl Stone Soup version 0.26-a0-1139-g7d2dc893a1 (webtiles) character file.

Game seed: 13621195336987512546

795 Dracia the Covered (level 7, -2/52 HPs)
             Began as a Demonspawn Fighter on Dec 21, 2020.
             Slain by a wraith (12 damage)
             ... in an ossuary.
             The game lasted 00:09:19 (5659 turns).

Dracia the Covered (Demonspawn Fighter)             Turns: 5659, Time: 00:09:20

Health: -2/52      AC: 15    Str: 16    XL:     7   Next: 58%
Magic:  7/7        EV: 17    Int: 10    God:
Gold:   301        SH: 11    Dex: 14    Spells: 6/6 levels left

rFire    . . .     SeeInvis .   a - +0 rapier
rCold    . . .     Faith    .   c - +1 kite shield
rNeg     . . .     Spirit   .   s - +3 leather armour
rPois    .         Reflect  .   (no helmet)
rElec    .         Harm     .   (no cloak)
rCorr    .         Rampage  .   i - +0 pair of gloves
Will     .....                  q - +0 pair of boots
Stlth    +.........             (no amulet)
HPRegen  0.17/turn              O - +4 ring of protection
MPRegen  0.10/turn              (no ring)

@: agile, slowed, very slow
A: hooves 1, icy blue scales 1, powered by pain 2
a: no special abilities


You were in an ossuary.
You visited 1 branch of the dungeon, and saw 5 of its levels.
You also visited: Sewer and Ossuary.

You collected 301 gold pieces.


Innate Abilities, Weirdness & Mutations

You have large cloven feet.
You are partially covered in icy blue scales. (AC +2)
You sometimes gain power by taking damage.


   Skills:
 - Level 3.0 Fighting
 - Level 1.7 Short Blades
 + Level 5.2 Armour
 + Level 4.3 Dodging
 + Level 5.2 Shields


You had 6 spell levels left.
You didn't know any spells.
Your spell library was empty.

Inventory:

Hand Weapons
 a - a +0 rapier (weapon)
Missiles
 l - 4 poisoned darts (quivered)
 n - a throwing net {=f=f}
Armour
 b - a +0 scale mail
 c - a +1 kite shield (worn)
 i - a +0 pair of gloves (worn)
 q - a +0 pair of boots (worn)
 r - a +0 helmet
 s - a +3 leather armour (worn)
 t - a +0 helmet
Jewellery
 O - a +4 ring of protection (left hand)
Wands
 o - a wand of paralysis (12)
 u - a wand of random effects (22)
Scrolls
 e - 2 scrolls of enchant armour
 f - 6 scrolls of identify {@r1@r1}
 m - a scroll of remove curse {@r2@r2}
 p - 2 scrolls of teleportation {@r4@r4}
 v - a scroll of blinking {unknown}
Potions
 d - 4 potions of might
 g - 2 potions of curing {@q1@q1}
 h - 2 potions of degeneration
 j - a potion of flight
 k - 2 potions of heal wounds {@q2@q2}
 w - a potion of cancellation

Dungeon Overview and Level Annotations

Branches:
Dungeon (5/15)              Sewer (visited)         Ossuary (1/1)
 Temple: D:4-7

Altars:
Cheibriados
Dithmenos
Hepliaklqana
Okawaru
Wu Jian
Zin

Annotations:
D:3 1 runed translucent door, ma3's ghost, amateur SpEE
D:5 Blork the orc

#.###.....###.#
#.#z#.....# #
#.###.....###
#.............#
#.............#
#.###.###.###.#
#.#.#.# .# #
#.W##.###.#
#.@........
###########


You could see a wraith.


Message History

The wraith drains your vigour!
You feel as though you will be slow longer.
You hit the wraith but do no damage.
The wraith is almost destroyed.
You block the wraith's attack. The wraith misses you.
You hit the wraith but do no damage.
The wraith is severely damaged.
The wraith hits you but does no damage. The wraith hits you!
* * * LOW HITPOINT WARNING * * *
You focus on the pain.
You feel agile all of a sudden. The wraith drains your vigour!
You feel as though you will be slow longer.
You hit the wraith.
The wraith is severely damaged.
You block the wraith's attack. x2
You closely miss the wraith.
The wraith is severely damaged.
You block the wraith's attack. The wraith closely misses you.
You hit the wraith but do no damage.
The wraith is severely damaged.
The wraith hits you but does no damage.
You closely miss the wraith.
The wraith is severely damaged.
You block the wraith's attack. The wraith hits you!
* * * LOW HITPOINT WARNING * * *
You barely miss the wraith.
The wraith is severely damaged.
The wraith hits you but does no damage. The wraith hits you!
You die...

Skill      XL: |  1  2  3  4  5  6  7 |
---------------+----------------------+-----
Armour         | 3 4 5 |  5.2
Dodging        | 1 2 3 4 |  4.3
Shields        | 3 4 5 |  5.2
Fighting       | |  3.0
Short Blades   | |  1.7

Action                   |  1- 3 |  4- 6 |  7- 9 || total
-------------------------+-------+-------+-------++-------
Melee: Rapier            |   168 |   430 |   179 ||   777
  Use: Scroll            |     6 |       |     2 ||     8
       Potion            |     5 |       |     3 ||     8
 Stab: Sleeping          |       |       |     1 ||     1
Armor: Scale mail        |   110 |   122 |       ||   232
       Leather armour    |       |    47 |    65 ||   112
Dodge: Dodged            |    59 |   152 |    89 ||   300
Block: Kite shield       |   109 |   256 |   104 ||   469

Levels and vault maps discovered:
D:1:      dpeg_arrival_rooms_b, layout_basic
D:2:      layout_basic, grunt_ministairs_14
D:3:      layout_basic, riverfiend_overflow_shadow_ancestor,
          gup_sewer_entry_bubbles, ebering_ghost_reflecting_pool,
          hangedman_decor_diamond_cutter
D:4:      layout_basic, kennysheep_mini, nicolae_overflow_hidden_temple,
          okawaru_ov_weapons_minmay, cheibriados_altar_2, uniq_robin,
          uniq_natasha
D:5:      layout_gridville, lemuel_coloured_pillars_altar, temple_fountains,
          basic_altar, enter_ossuary_5, uniq_blork_the_orc
Ossuary:  ossuary_due_cavern

Notes
Turn   | Place    | Note
-------+----------+-------------------------------------------
     0 | D:1      | Dracia the Demonspawn Fighter began the quest for the Orb.
     0 | D:1      | Reached XP level 1. HP: 18/18 MP: 1/1
   204 | D:1      | Gained mutation: You are partially covered in icy blue
                  | scales. (AC +2) [demonic ancestry]
   204 | D:1      | Reached XP level 2. HP: 24/24 MP: 2/2
   362 | D:1      | Reached skill level 3 in Armour
   362 | D:1      | Reached skill level 1 in Dodging
   362 | D:1      | Reached skill level 3 in Shields
   698 | D:2      | Reached XP level 3. HP: 26/29 MP: 3/3
  1415 | D:3      | Gained mutation: You sometimes gain a little power by
                  | taking damage. [demonic ancestry]
  1415 | D:3      | Reached XP level 4. HP: 35/35 MP: 4/4
  1597 | D:3      | Reached skill level 2 in Dodging
  1644 | D:3      | Found a glowing drain.
  1654 | Sewer    | Entered a sewer
  1882 | Sewer    | Noticed a big kobold
  1947 | Sewer    | Killed a big kobold
  1948 | Sewer    | Gained mutation: You have large cloven feet. [demonic
                  | ancestry]
  1948 | Sewer    | Reached XP level 5. HP: 39/41 MP: 5/5
  1982 | Sewer    | Found a white marble altar of Elyvilon.
  2102 | D:3      | Found a runed translucent door.
  2102 | D:3      | Noticed ma3's ghost (amateur SpEE)
  2208 | D:3      | Found a shadowy altar of Dithmenos.
  2208 | D:3      | Noticed a shadow
  2210 | D:3      | Found a hazy altar of Hepliaklqana.
  2247 | D:3      | Reached skill level 4 in Armour
  2383 | D:3      | Reached skill level 4 in Shields
  3001 | D:4      | Reached XP level 6. HP: 43/47 MP: 6/6
  3088 | D:4      | Reached skill level 3 in Dodging
  3284 | D:4      | Found an ornate altar of the Wu Jian Council.
  3339 | D:4      | Found a snail-covered altar of Cheibriados.
  3339 | D:4      | Noticed a torpor snail
  3575 | D:4      | Noticed Robin
  3624 | D:4      | Killed Robin
  3733 | D:4      | Found a glowing silver altar of Zin.
  3746 | D:4      | Noticed Natasha
  3764 | D:4      | Killed Natasha
  3931 | D:4      | Noticed Natasha
  3949 | D:4      | Killed Natasha
  4071 | D:4      | Noticed Natasha
  4079 | D:4      | Killed Natasha
  4080 | D:4      | Gained mutation: You sometimes gain power by taking damage.
                  | [demonic ancestry]
  4080 | D:4      | Reached XP level 7. HP: 52/52 MP: 7/7
  4151 | D:4      | Found an iron altar of Okawaru.
  4716 | D:5      | Entered Level 5 of the Dungeon
  4791 | D:5      | Noticed Blork the orc
  4797 | D:5      | Reached skill level 5 in Armour
  4797 | D:5      | Reached skill level 4 in Dodging
  4813 | D:4      | HP: 4/52 [poisoned by Blork the orc]
  5080 | D:5      | Found a sand-covered staircase.
  5084 | Ossuary  | Entered an ossuary
  5440 | Ossuary  | Reached skill level 5 in Shields
  5557 | Ossuary  | Noticed a flying skull
  5557 | Ossuary  | Noticed a wraith
  5567 | Ossuary  | Noticed a flying skull
  5588 | Ossuary  | Noticed a flying skull
  5598 | Ossuary  | Noticed a wraith
  5659 | Ossuary  | Slain by a wraith

Vanquished Creatures
  A phantom (D:4)
  A big kobold (Sewer)
  A scorpion (D:4)
  A howler monkey (D:4)
  3 wights (Ossuary)
  Natasha (thrice) (D:4)
  An orc wizard (D:3)
  4 worker ants
  Robin (D:4)
  A gnoll (D:1)
  3 adders (D:3)
  A river rat (Sewer)
  A shadow imp (D:5)
  An ufetubus (D:5)
  2 adder zombies (Ossuary)
  An adder skeleton (D:4)
  6 worms
  2 dart slugs
  4 leopard geckos
  13 orcs
  9 bats
  6 giant cockroaches
  15 goblins
  9 hobgoblins
  11 jackals
  3 quokkas
  A ball python (D:1)
  A ball python skeleton (Ossuary)
  5 frilled lizards
  2 hobgoblin skeletons (Ossuary)
  7 kobolds
  A leopard gecko skeleton (D:4)
  2 orc skeletons (Ossuary)
  13 rats
136 creatures vanquished.

Vanquished Creatures (others)
  A goblin (D:4)
1 creature vanquished.

Grand Total: 137 creatures vanquished

Table legend: (Time is in decaauts)
 A = Elapsed time spent in this place.
 B = Non-inter-level travel time spent in this place.
 C = Inter-level travel time spent in this place.
 D = Time resting spent in this place.
 E = Time spent auto-exploring this place.
 F = Levels seen in this place.
 G = Mean time per level.
                   A        B        C        D        E       F      G
               +--------+--------+--------+--------+--------+-----+--------+
         Total |   5904 |   5770 |    134 |    859 |   3452 |   7 |  843.4 |
       Dungeon |   4865 |   4731 |    134 |    392 |   3204 |   5 |  973.0 |
         Sewer |    424 |    424 |      0 |    155 |    119 |   1 |  424.0 |
       Ossuary |    614 |    614 |      0 |    312 |    129 |   1 |  614.0 |
               +--------+--------+--------+--------+--------+-----+--------+

Top non-repeatable levels by time:
     D:4: 2063 daAuts
     D:3: 1276 daAuts
     D:2: 725 daAuts
     D:1: 676 daAuts
 Ossuary: 614 daAuts
   Sewer: 424 daAuts
     D:5: 123 daAuts

Table legend:
 A = Non-vault XP
 B = Vault XP
 C = Vault XP percentage of total XP
 D = Non-vault monster count
 E = Vault monster count
 F = Vault count percentage of total count
                 A         B        C        D         E       F
            +---------+---------+-------+---------+---------+-------
      Total |     733 |     403 |  35.5 |      97 |      39 |  28.7
            +---------+---------+-------+---------+---------+-------
        D:1 |      36 |       0 |   0.0 |      14 |       0 |   0.0
        D:2 |      46 |       2 |   4.2 |      22 |       2 |   8.3
        D:3 |     135 |      20 |  12.9 |      35 |       5 |  12.5
        D:4 |     462 |      72 |  13.5 |      22 |      12 |  35.3
        D:5 |      54 |       0 |   0.0 |       4 |       0 |   0.0
      Sewer |       0 |     120 | 100.0 |       0 |      10 | 100.0
    Ossuary |       0 |     189 | 100.0 |       0 |      10 | 100.0
            +---------+---------+-------+---------+---------+-------
